 Dungeon Crawl Stone Soup version 0.17-a0-1262-gd250d98 (webtiles) character file.

60 Kidiri the Unweaver (level 3, -2/29 HPs)
             Began as a Demonspawn Abyssal Knight on June 6, 2015.
             Was a Follower of Lugonu.
             Killed from afar by HEYYEYAAE's ghost (8 damage)
             ... with a zap
             ... on level 3 of the Dungeon.
             The game lasted 00:06:41 (2445 turns).

Kidiri the Unweaver (Demonspawn Abyssal Knight)     Turns: 2445, Time: 00:06:42

Health: -2/29      AC:  5    Str: 13    XL:     3   Next: 80%
Magic:  0/5        EV:  6    Int: 13    God:    Lugonu [*.....]
Gold:   95         SH: 10    Dex: 12    Spells: 0 memorised, 2 levels left

rFire  . . .     SeeInvis .     a - +1 falchion
rCold  . . .     Clarity  .     b - +0 leather armour
rNeg   . . .     SustAt   .     e - +0 large shield
rPois  .         Gourm    .     (helmet restricted)
rElec  .         Spirit   +     g - +0 cloak (curse)
rCorr  .         Warding  .     m - +0 pair of gloves
rMut   .         Stasis   .     (no boots)
MR     .....                    (no amulet)
Stlth  +.........               (no ring)
                                (no ring)

@: not resistant to hostile enchantments, very unstealthy
A: antennae 1, magic shield
a: Depart the Abyss, Renounce Religion


You were on level 3 of the Dungeon.
You worshipped Lugonu.
Lugonu was aware of your devotion.
You were not hungry.

You visited 1 branch of the dungeon, and saw 3 of its levels.
You visited the Abyss 1 time.

You collected 95 gold pieces.

Inventory:

Hand weapons
 a - a +1 falchion (weapon)
Armour
 b - a +0 leather armour (worn)
 e - a +0 large shield (worn)
 g - a cursed +0 cloak (worn)
 m - a +0 pair of gloves (worn)
Scrolls
 h - a scroll of identify
 k - a scroll of immolation
 n - a scroll of remove curse {unknown}
Potions
 i - 2 potions of curing
Comestibles
 c - 2 bread rations
 d - a meat ration
 f - 8 chunks of flesh
 j - 2 beef jerkies
 l - 5 fruits


   Skills:
 + Level 3.2 Fighting
 * Level 2.2 Long Blades
 * Level 2.2 Armour
 + Level 1.5 Dodging
 + Level 0.5 Shields
 * Level 3.4 Invocations


You had 2 spell levels left.
You didn't know any spells.

Dungeon Overview and Level Annotations

Branches:
Dungeon (3/15)

Altars:

Annotations:
D:3 HEYYEYAAE's ghost, average HuAE


Innate Abilities, Weirdness & Mutations

You have a pair of small antennae on your head.
When hurt, damage is shared between your health and your magic reserves.


Message History

You block the adder's attack. x2
You hit the adder.
You kill the adder!
Lugonu accepts your kill.
HEYYEYAAE's ghost gestures at you while chanting.
The zap hits you! HEYYEYAAE's ghost hits you.
You closely miss HEYYEYAAE's ghost. You block HEYYEYAAE's ghost's attack.
Your shield prevents you from hitting HEYYEYAAE's ghost.
You block HEYYEYAAE's ghost's attack.
You closely miss HEYYEYAAE's ghost. HEYYEYAAE's ghost hits you.
HEYYEYAAE's ghost points at you and mumbles some strange words.
The zap hits you!
* * * LOW HITPOINT WARNING * * *
You closely miss HEYYEYAAE's ghost. You block HEYYEYAAE's ghost's attack.
You slash HEYYEYAAE's ghost!
HEYYEYAAE's ghost is lightly damaged.
HEYYEYAAE's ghost casts a spell at you. The zap hits you!
You die...

#.#.# #. .#.#.#.#.
##+#.#.#+#.
+#.#.#.#
..........#
########
..........#
#.......
..........#####{
#.######
#........'...# #.#
#####....###.# #.#
###### #W# #.# #@#
#.# #.# #.# #.#
#.###### #.#
#....... #.#
######## #.# #.#
#.################
#.................


You could see HEYYEYAAE's ghost.

Vanquished Creatures
  2 adders
  An ooze (D:1)
  A worm (D:3)
  A ball python (D:2)
  8 bats
  3 giant cockroaches
  3 goblins
  4 hobgoblins
  6 kobolds
  2 giant geckos (D:1)
  A quokka (D:2)
  3 rats
35 creatures vanquished.

Notes
Turn   | Place    | Note
--------------------------------------------------------------
     0 | Abyss:1  | Kidiri the Demonspawn Abyssal Knight began the quest for the Orb.
     0 | Abyss:1  | Reached XP level 1. HP: 18/18 MP: 2/2
     0 | Abyss:1  | Found a corrupted altar of Lugonu.
    70 | Abyss:1  | Noticed a small abomination
    75 | D:1      | Escaped the Abyss
   345 | D:1      | Noticed an electric eel
   345 | D:1      | Noticed an electric eel
   386 | D:1      | Reached skill level 1 in Dodging
   483 | D:1      | Gained mutation: When hurt, damage is shared between your health and your magic reserves. [demonic ancestry]
   483 | D:1      | Reached XP level 2. HP: 20/24 MP: 3/3
   660 | D:1      | Acquired Lugonu's first power
  1696 | D:2      | Gained mutation: You have a pair of small antennae on your head. [demonic ancestry]
  1696 | D:2      | Reached XP level 3. HP: 29/29 MP: 5/5
  2418 | D:3      | Noticed HEYYEYAAE's ghost (average HuAE)
  2445 | D:3      | Killed from afar by HEYYEYAAE's ghost

Vault maps used:
D:1:      arrival_aquarium_b
D:2:      first_bread
D:3:      bloody_trog, okawaru_altar_gauntlet_db

Action                   || total
-------------------------++-------
Melee: Falchion          ||   142
Invok: Depart the Abyss  ||     1
  Use: Scroll            ||     2
       Potion            ||     1
  Eat: Chunk             ||     4
       Pizza             ||     1
